 Dungeon Crawl Stone Soup version 0.28.0-43-g3370ac3207 (webtiles) character file.

Game seed: 7140440180586164919

72 fknight the Skirmisher (level 4, -1/41 HPs)
             Began as a Hill Orc Fighter on Mar 5, 2022.
             Slain by Crazy Yiuf
             ... wielding a +4 quarterstaff of chaos
              (4 damage)
             ... on level 2 of the Dungeon.
             The game lasted 00:03:47 (1771 turns).

fknight the Skirmisher (Hill Orc Fighter)           Turns: 1771, Time: 00:03:48

Health: -1/41      AC:  7    Str: 20    XL:     4   Next: 26%
Magic:  4/4        EV:  9    Int:  8    God:
Gold:   34         SH:  4    Dex: 10    Spells: 3/3 levels left

rFire   . . .      SeeInvis .   a - +0 war axe
rCold   . . .      Faith    .   c - +0 buckler
rNeg    . . .      Spirit   .   b - +0 scale mail
rPois   .          Reflect  .   g - +0 hat
rElec   .          Harm     .   (no cloak)
rCorr   .          Rampage  .   (no gloves)
Will    +....                   (no boots)
Stlth   ..........              (no amulet)
HPRegen 0.13/turn               m - ring of willpower
MPRegen 0.09/turn               (no ring)

@: no status effects
A: no striking features
a: no special abilities


You were on level 2 of the Dungeon.
You visited 1 branch of the dungeon, and saw 2 of its levels.

You collected 34 gold pieces.

Inventory:

Hand Weapons
 a - a +0 war axe (weapon)
Missiles
 e - 82 stones (quivered)
 f - 37 arrows
 o - 5 poisoned darts
 q - 6 atropa-tipped darts
Armour
 b - a +0 scale mail (worn)
 c - a +0 buckler (worn)
 g - a +0 hat (worn)
Jewellery
 m - a ring of willpower (left hand)
Scrolls
 h - a scroll of enchant weapon {unknown}
 i - a scroll of vulnerability {unknown}
 k - a scroll of immolation {unknown}
 l - a scroll of identify {unknown}
 n - a scroll of blinking {unknown}
 p - a scroll of teleportation {unknown}
Potions
 d - a potion of might
 j - a potion of lignification {unknown}


   Skills:
 + Level 4.3 Fighting
 + Level 3.7 Axes
 + Level 3.9 Armour
 + Level 3.9 Shields


You had 3 spell levels left.
You didn't know any spells.
Your spell library was empty.

Dungeon Overview and Level Annotations

Branches:
Dungeon (2/15)

Altars:

Annotations:
D:2 Crazy Yiuf


Message History

You see here an adder corpse.
You feel sick.
You feel sick.
You are no longer poisoned.
e - 60 stones (gained 1)
e - 81 stones (gained 21)
e - 82 stones (gained 1)
A frilled lizard comes into view.
The frilled lizard hisses angrily.
You throw a stone.
The stone barely misses the frilled lizard.
You throw a stone. The stone hits the frilled lizard.
The frilled lizard is heavily wounded.
You throw a stone.
The stone closely misses the frilled lizard.
You throw a stone. The stone hits the frilled lizard.
You kill the frilled lizard!
e - 79 stones (gained 1)
e - 80 stones (gained 1)
e - 82 stones (gained 2)
There is a stone staircase leading down here.
Crazy Yiuf shouts!
Crazy Yiuf screams, "Line broken fast!"
You open the door.
Crazy Yiuf hits you with a +4 quarterstaff of chaos!
Crazy Yiuf freezes you.
There is an open translucent door, spattered with blood here.
You hit Crazy Yiuf.
Crazy Yiuf is moderately wounded.
Crazy Yiuf cries, "Rot water verde!"
You block Crazy Yiuf's attack.
You hit Crazy Yiuf.
Crazy Yiuf is moderately wounded.
Crazy Yiuf hits you with a +4 quarterstaff of chaos!
* * * LOW HITPOINT WARNING * * *
Crazy Yiuf screams, "Buddy cower high!"
Crazy Yiuf hits you with a +4 quarterstaff of chaos!
* * * LOW HITPOINT WARNING * * *
Crazy Yiuf freezes you.
You die...

♣♣♣♣♣## ####
♣♣♣.♣...###
#...#♣..♣..P...##
#..g@.♣♣♣♣PP....#
#)..#♣♣
♣♣..#..##### ####
♣♣##.......
#....... #.......
#####.......
#.##........
#.##........
#.##........


You could see Crazy Yiuf.

Vanquished Creatures
  4 adders (D:2)
  2 endoplasms (D:2)
  A giant cockroach (D:1)
  4 goblins
  7 jackals
  4 kobolds
  2 quokkas
  2 ball pythons
  2 bats (D:1)
  4 frilled lizards
  5 rats
37 creatures vanquished.

Notes
Turn   | Place    | Note
-------+----------+-------------------------------------------
     0 | D:1      | fknight the Hill Orc Fighter began the quest for the Orb.
     0 | D:1      | Reached XP level 1. HP: 19/19 MP: 1/1
   232 | D:1      | Reached XP level 2. HP: 27/27 MP: 2/2
   822 | D:2      | Reached skill level 4 in Fighting
   916 | D:2      | Reached XP level 3. HP: 33/33 MP: 3/3
  1295 | D:2      | Reached XP level 4. HP: 28/40 MP: 4/4
  1464 | D:2      | Found a runed translucent door.
  1465 | D:2      | Noticed Crazy Yiuf
  1539 | D:2      | Found a faded altar of an unknown god.
  1771 | D:2      | Slain by Crazy Yiuf

Illustrated notes

Levels and vault maps discovered:
D:1:      lightli_arrival_noodles, layout_loops_ring
D:2:      layout_basic, hellmonk_ecumenical_altar_run_dry, corner_web_ring,
          uniq_crazy_yiuf_cottage

Skill      XL: |  1  2 |
---------------+-------+-----
Axes           | 3 |  3.7
Fighting       | 4 |  4.3
Armour         | |  3.9
Shields        | |  3.9

Action                   |  1- 3 |  4- 6 || total
-------------------------+-------+-------++-------
Melee: War axe           |    75 |    14 ||    89
Throw: Stone             |       |     7 ||     7
Armor: Scale mail        |    45 |    11 ||    56
Dodge: Dodged            |    35 |     7 ||    42
Block: Buckler           |    18 |     2 ||    20
